 Dungeon Crawl Stone Soup version 0.19.5 (webtiles) character file.

44 McKennaii the Firebug (level 3, -4/19 HPs)
             Began as a Deep Elf Fire Elementalist on May 24, 2017.
             Slain by Sigmund
             ... wielding a +0 scythe
              (9 damage)
             ... on level 3 of the Dungeon.
             The game lasted 00:02:18 (1409 turns).

McKennaii the Firebug (Deep Elf Fire Elementalist)  Turns: 1409, Time: 00:02:19

Health: -4/19      AC:  3    Str:  5    XL:     3   Next: 41%
Magic:  10/10      EV: 13    Int: 20    God:
Gold:   128        SH:  0    Dex: 15    Spells: 3 memorised, 3 levels left

rFire  . . .     SeeInvis .     (no weapon)
rCold  . . .     Gourm    .     a - +0 robe
rNeg   . . .     Faith    .     (no shield)
rPois  .         Spirit   .     (no helmet)
rElec  .         Reflect  .     (no cloak)
rCorr  .         Harm     .     (no gloves)
MR     .....                    g - +0 pair of boots
Stlth  ++........               (no amulet)
                                (no ring)
                                (no ring)

@: no status effects
A: no striking features
a: no special abilities


You were on level 3 of the Dungeon.
You were not hungry.

You visited 1 branch of the dungeon, and saw 3 of its levels.

You collected 128 gold pieces.

Inventory:

Armour
 a - a +0 robe (worn)
 g - a +0 pair of boots (worn)
Jewellery
 r - a +3 ring of protection {unknown}
Scrolls
 d - a scroll of remove curse {unknown}
 f - a scroll of amnesia {unknown}
 h - 2 scrolls of teleportation {unknown}
 i - a scroll of enchant armour {unknown}
 k - a scroll of noise {unknown}
 l - a scroll of blinking {unknown}
 m - a scroll of fog {unknown}
 n - a scroll of identify {unknown}
 o - a scroll of fear {unknown}
 p - a scroll of immolation {unknown}
Potions
 e - 3 potions of flight {unknown}
 j - 2 potions of heal wounds {unknown}
 q - a potion of curing {unknown}
 t - a potion of beneficial mutation {unknown}
Books
 b - a book of Flames

   Spells                             Type                      Level
   a - Flame Tongue                   Conjuration/Fire             1
   b - Throw Flame                    Conjuration/Fire             2
   c - Conjure Flame                  Conjuration/Fire             3
   d - Inner Flame                    Hexes/Fire                   3
   e - Sticky Flame                   Conjuration/Fire             4
   f - Fireball                       Conjuration/Fire             5
Comestibles
 c - 3 bread rations
 s - a chunk of flesh
 u - 3 fruits


   Skills:
 + Level 2.6 Dodging
 + Level 2.9 Stealth
 + Level 3.7 Spellcasting
 + Level 1.9 Conjurations
 + Level 3.8 Fire Magic


You had 3 spell levels left.
You knew the following spells:

 Your Spells              Type           Power        Failure   Level  Hunger
a - Flame Tongue          Conj/Fire      ###..        4%          1    None
b - Throw Flame           Conj/Fire      ###...       10%         2    ##.....
c - Conjure Flame         Conj/Fire      ###.....     14%         3    ###....


Dungeon Overview and Level Annotations

Branches:
Dungeon (3/15)

Altars:
Xom

Annotations:
D:3 Sigmund


Message History

j - 2 purple potions (gained 1)
u - 3 fruits
Found a long sword.
Found 21 bolts.
Sigmund the Dreaded comes into view.
He is wielding a scythe.
Sigmund shouts!
Sigmund casts a spell.
Sigmund flickers and vanishes!
Deactivating autopickup; reactivate with Ctrl-A.
Found a glowing whip.
Something hits you!
You hit something.
Casting: Flame Tongue
Confirm with . or Enter, or press ? or * to list all spells.
You can't see any susceptible monsters within range! (Use Z to cast anyway.) Unknown command.
You hit something but do no damage. Something hits you.
* * * LOW HITPOINT WARNING * * *
You closely miss something. Something hits you!
You die...

#.. #.# #.#
#.##### #.##..
#.####)##(#
#..)....#.#######
#@..........
#.##.#######
#.##.......#
#.########.# #.#
#.# ..# #####.#
######.....##
...........##
#####.#.....#####


There were no monsters in sight!

Vanquished Creatures
  2 adders
  A dart slug (D:2)
  A leopard gecko (D:3)
  A goblin (D:2)
  4 hobgoblins
  2 jackals (D:2)
  2 kobolds
  A quokka (D:2)
  3 bats (D:1)
  2 frilled lizards
  6 rats
25 creatures vanquished.

Notes
Turn   | Place    | Note
-------+----------+-------------------------------------------
     0 | D:1      | McKennaii the Deep Elf Fire Elementalist began the quest for the Orb.
     0 | D:1      | Reached XP level 1. HP: 10/10 MP: 6/6
   106 | D:1      | Found a shimmering altar of Xom.
   319 | D:1      | Reached XP level 2. HP: 12/15 MP: 1/8
  1077 | D:2      | Reached XP level 3. HP: 13/19 MP: 7/10
  1081 | D:2      | Learned a level 2 spell: Throw Flame
  1085 | D:2      | Learned a level 3 spell: Conjure Flame
  1402 | D:3      | Noticed Sigmund
  1409 | D:3      | Slain by Sigmund

Action                   || total
-------------------------++-------
Melee: Unarmed           ||     5
 Cast: Flame Tongue      ||    52
  Eat: Chunk             ||     1
Armor: Robe              ||     3
Dodge: Dodged            ||    10
